 Dungeon Crawl Stone Soup version 0.29.0-4-gdea44cf6ec (webtiles) character file.

Game seed: 15579054295098132675

45 qw the Chopper (level 3, 0/21 HPs)
             Began as a Tengu Warper on Aug 28, 2022.
             Slain by a gnoll
             ... wielding a +0 flail
              (9 damage)
             ... on level 2 of the Dungeon.
             The game lasted 00:00:08 (1747 turns).

qw the Chopper (Tengu Warper)                       Turns: 1747, Time: 00:00:09

Health: 0/21       AC:  6    Str: 13    XL:     3   Next: 64%
Magic:  7/7        EV:  9    Int: 13    God:
Gold:   71         SH:  0    Dex: 13    Spells: 6/6 levels left

rFire   . . .      SeeInvis .   Y - +1 hand axe
rCold   . . .      Faith    .   (no shield)
rNeg    . . .      Spirit   .   f - +0 scale mail
rPois   .          Reflect  .   (helmet restricted)
rElec   .          Harm     .   (no cloak)
rCorr   .          Rampage  .   (no gloves)
Will    .....                   (boots unavailable)
Stlth   ..........              (no amulet)
HPRegen 0.07/turn               (no ring)
MPRegen 0.10/turn               (no ring)

@: no status effects
A: beak, talons 3
a: no special abilities


You were on level 2 of the Dungeon.
You visited 1 branch of the dungeon, and saw 2 of its levels.

You collected 71 gold pieces.


Innate Abilities, Weirdness & Mutations

You have a beak for a mouth.
You have claws for feet.


   Skills:
 - Level 2.0 Fighting
 + Level 4.3 Axes
 - Level 1.0 Throwing
 - Level 1.1 Armour
 - Level 2.1 Dodging
 - Level 2.0 Spellcasting
 - Level 2.4 Translocations


You had 6 spell levels left.
You didn't know any spells.
Your spell library contained the following spells:

 Spells                   Type           Power      Damage    Failure   Level
 Blink                    Tloc           14%        N/A       56%         2
 Gell's Gravitas          Tloc           7%         N/A       80%         3
 Lesser Beckoning         Tloc           7%         N/A       80%         3
 Teleport Other           Tloc           7%         N/A       80%         3
 Manifold Assault         Tloc           7%         N/A       100%        5

Inventory:

Hand Weapons
 g - a +0 flail
 Y - a +1 hand axe (weapon)
Armour
 f - a +0 scale mail (worn)
Potions
 a - a potion of brilliance {unknown}
 d - a potion of curing {unknown}

Dungeon Overview and Level Annotations

Branches:
Dungeon (2/15)

Altars:


Message History

You climb upwards.
You feel sick.
You are no longer poisoned.
There is a stone staircase leading down here.
You start resting.
HP restored.
Done exploring.
(D) Dungeon
Where to? (* - list waypoints, Enter - D:2, ? - help)
What level of the Dungeon? (default 1, ? - help)
You climb downwards.
There is a stone staircase leading up here.
You now have 71 gold pieces (gained 13).
Found a dagger.
a - a lumpy black potion
Found a ring mail.
You open the door.
Found a stone staircase leading up. 2 gnolls come into view.
The gnoll shouts! x2
Enter note: A gnoll comes into view.
It is wielding a +2 flail of protection.
1740 ||| Stepping ~*~*~tactically~*~*~ (stealth). 2 gnolls come into view.
The gnoll shouts! x2
You closely miss the gnoll. You claw the gnoll. You peck the gnoll.
The gnoll is heavily wounded.
The gnoll closely misses you.
You hit the gnoll. You claw the gnoll, but do no damage.
The gnoll is severely wounded.
The gnoll hits you with a +0 flail! The gnoll barely misses you.
You completely miss the gnoll.
The gnoll is severely wounded.
You hit the gnoll. The gnoll barely misses you. The gnoll closely misses you.
You barely miss the gnoll. You claw the gnoll, but do no damage.
The gnoll is severely wounded.
You slash the gnoll! You hit the gnoll but do no damage.
The gnoll hits you with a +2 flail of protection.
The gnoll hits you with a +0 flail!
You die...

+...........+
#...........#
.###...####...#.. .
...............+... ..
#########....###......
#<'......+ .....
###....### .?...
#....###......
#.....@gg.....
#.....gg......
#.............
.......[........
.......#.........
........#.$......
.................
#..............##


You could see 4 gnolls.

Vanquished Creatures
  An adder (D:2)
  2 dart slugs (D:1)
  A ball python (D:1)
  3 endoplasms (D:1)
  2 giant cockroaches (D:1)
  4 goblins (D:1)
  4 hobgoblins (D:1)
  2 quokkas (D:1)
  A bat (D:1)
  3 frilled lizards (D:1)
  6 kobolds (D:1)
29 creatures vanquished.

Notes
Turn   | Place    | Note
-------+----------+-------------------------------------------
     0 | D:1      | qw the Tengu Warper began the quest for the Orb.
     0 | D:1      | Reached XP level 1. HP: 12/12 MP: 4/4
     0 | D:1      | 0 ||| qw: Version: 0.1-a-89-g26bdef1
     0 | D:1      | 0 ||| qw: Game counter: 2907
     0 | D:1      | 0 ||| qw: Always use a shield: true
     0 | D:1      | 0 ||| qw: God list: Okawaru
     0 | D:1      | 0 ||| qw: Allow faded altars: false
     0 | D:1      | 0 ||| qw: Do Orc after D:15 true
     0 | D:1      | 0 ||| qw: Do second Lair branch before Depths: true
     0 | D:1      | 0 ||| qw: Lair rune preference: random
     0 | D:1      | 0 ||| qw: Plans: Normal
     0 | D:1      | 0 ||| PLANNING D:1-11
    68 | D:1      | Found a faded altar of an unknown god.
   169 | D:1      | 169 ||| Stepping ~*~*~tactically~*~*~ (hiding).
   170 | D:1      | 170 ||| Stepping ~*~*~tactically~*~*~ (stealth).
   173 | D:1      | Reached XP level 2. HP: 17/17 MP: 6/6
   189 | D:1      | Reached skill level 3 in Axes
   191 | D:1      | 191 ||| Stepping ~*~*~tactically~*~*~ (hiding).
   293 | D:1      | 293 ||| Stepping ~*~*~tactically~*~*~ (hiding).
   395 | D:1      | 395 ||| Stepping ~*~*~tactically~*~*~ (hiding).
   400 | D:1      | 400 ||| Stepping ~*~*~tactically~*~*~ (hiding).
   517 | D:1      | 517 ||| DROPPING +0 whip.
   676 | D:1      | Reached XP level 3. HP: 15/21 MP: 7/7
  1201 | D:1      | Reached skill level 4 in Axes
  1371 | D:1      | 1371 ||| Stepping ~*~*~tactically~*~*~ (stealth).
  1470 | D:1      | 1470 ||| UPGRADING to +0 scale mail.
  1480 | D:1      | 1480 ||| DROPPING +0 leather armour.
  1481 | D:1      | 1481 ||| READING 3 scrolls labelled DYPPAF OHILAMAISK.
  1482 | D:1      | 1482 ||| READING scroll labelled JYMOCO UGYR.
  1483 | D:1      | 1483 ||| DROPPING 2 scrolls of fear.
  1484 | D:1      | 1484 ||| DROPPING scroll of blinking.
  1600 | D:2      | 1600 ||| STAIRDANCE
  1740 | D:2      | 1740 ||| Stepping ~*~*~tactically~*~*~ (stealth).
  1747 | D:2      | Slain by a gnoll

Levels and vault maps discovered:
D:1:      beargit_arrival_diablo_church, layout_basic,
          hellmonk_ecumenical_altar_zigzags, minmay_misc_feat_roman
D:2:      layout_basic

Skill      XL: |  1  2  3 |
---------------+----------+-----
Axes           | 3 4 |  4.3
Fighting       | |  2.0
Throwing       | |  1.0
Armour         | |  1.1
Dodging        | |  2.1
Spellcasting   | |  2.0
Translocations | |  2.4

Action                   || total
-------------------------++-------
Melee: Hand axe          ||    66
       Kick              ||    16
       Peck              ||    15
Throw: Boomerang         ||     7
  Use: Scroll            ||     2
Armor: Leather armour    ||    10
       Scale mail        ||     1
Dodge: Dodged            ||    36

Table legend:
 A = Non-vault XP
 B = Vault XP
 C = Vault XP percentage of total XP
 D = Non-vault monster count
 E = Vault monster count
 F = Vault count percentage of total count
                 A         B        C        D         E       F
            +---------+---------+-------+---------+---------+-------
      Total |      65 |       0 |   0.0 |      29 |       0 |   0.0
            +---------+---------+-------+---------+---------+-------
        D:1 |      51 |       0 |   0.0 |      28 |       0 |   0.0
        D:2 |      14 |       0 |   0.0 |       1 |       0 |   0.0
            +---------+---------+-------+---------+---------+-------
